 Dungeon Crawl Stone Soup version 0.31.0-4-g52a2dc7128 (webtiles) character file.

Game seed: 5359425240664855281

21 Xavori the Trooper (level 3, 0/30 HPs)
             Began as a Djinni Chaos Knight on Jan 22, 2024.
             Was a Plaything of Xom.
             Slain by a hobgoblin
             ... wielding a +0 quarterstaff
              (7 damage)
             ... on level 1 of the Dungeon.
             The game lasted 00:00:54 (2766 turns).

Xavori the Trooper (Djinni Chaos Knight)            Turns: 2766, Time: 00:00:54

Health: 0/30       AC:  6    Str: 11    XL:     3   Next: 2%
Gold:   14         EV: 12    Int: 13    God:    Xom [....*.] SH:  0 Dex: 14

rFire   + + .        a - +0 falchion (chaos)
rCold   x . .        (no shield)
rNeg    . . .        b - +2 leather armour
rPois   ∞            (no helmet)
rElec   .            e - +0 cloak
rCorr   .            (no gloves)
SInv    .            (boots unavailable)
Will    .....        (no amulet)
Stlth   +            (no ring)
HPRegen 0.25/turn    (no ring)
MPRegen 0.00/turn

%: infuse magic (-1 HP)
@: flying
A: sickness immunity, fire resistance 2, cold vulnerability 1, float, innate
caster, HP casting, extra vitality 1
a: Renounce Religion


You were on level 1 of the Dungeon.
You worshipped Xom.
You were a beloved toy of Xom.
You visited 1 branch of the dungeon, and saw 2 of its levels.

You collected 14 gold pieces.

Inventory:

Hand Weapons
 a - a +0 falchion of chaos (weapon)
Armour
 b - a +2 leather armour (worn)
 e - a +0 cloak (worn)
Scrolls
 c - a scroll of butterflies
 d - 3 scrolls of enchant armour {unknown}
 f - a scroll of identify {unknown}


   Skills:
 + Level 3.2 Fighting
 + Level 3.0 Long Blades
 + Level 1.1 Armour
 + Level 2.3 Dodging
 * Level 0.2 Spellcasting
 * Level 0.2 Conjurations
 * Level 0.2 Hexes
 * Level 0.2 Summonings
 * Level 0.2 Necromancy
 * Level 0.2 Translocations
 * Level 0.2 Fire Magic
 * Level 0.2 Ice Magic
 * Level 0.2 Air Magic
 * Level 0.2 Earth Magic
 * Level 0.2 Alchemy


You knew the following spells:

 Your Spells              Type           Power      Damage    Failure   Level
a - Freeze                Ice            0%         1d3       34%         1
Your spell library was empty.

Dungeon Overview and Level Annotations

Branches:
Dungeon (2/15)

Altars:
Xom


Innate Abilities, Weirdness & Mutations

You are immune to sickness and miasma.
You are immune to poison.
Your flesh is very heat resistant. (rF++)
You are vulnerable to cold. (rC-)
You float through the air rather than walking.
You learn spells naturally, not from books.
Your magical power is your life essence.
You have superior vitality. (+4 MHP)


Message History

Your experience leads to an increase in your attributes!
Increase (S)trength, (I)ntelligence, or (D)exterity?
You feel agile. x2
The power to cast Freeze wells up from within.
Spell assigned to 'a'.
You hit the quokka but do no damage. The quokka barely misses you.
You hit the quokka. You burn the quokka.
The quokka is moderately wounded.
The quokka barely misses you.
The quokka bites you but does no damage.
You hit the quokka.
The quokka is heavily wounded.
The quokka barely misses you.
You barely miss the quokka. Your punch misses the quokka.
The quokka is heavily wounded.
The quokka barely misses you.
You closely miss the quokka.
The quokka is heavily wounded.
The quokka closely misses you. The quokka bites you.
* * * LOW HITPOINT WARNING * * *
You hit the quokka but do no damage.
The quokka is heavily wounded.
The quokka barely misses you.
You closely miss the quokka.
The quokka is heavily wounded.
The quokka bites you.
* * * LOW HITPOINT WARNING * * *
You miss the quokka.
The quokka is heavily wounded.
The quokka twitches its whiskers.
The quokka closely misses you. The quokka misses you.
You hit the quokka but do no damage.
The quokka flies into a frenzy!
Xom is highly amused!
The quokka is heavily wounded.
The quokka bites the hobgoblin.
The hobgoblin hits the quokka with a +0 quarterstaff.
The quokka dies!
The hobgoblin hits you with a +0 quarterstaff!
You die... "I guess I need a new plaything now."

### ### #.# #.# #.# #.# ..#
#.#########
#.################.........##
................@g..........#
#...##############.#######..###
)...# #######....# #....# ##..#
#......>...# #....### ##..#
#.#####S...####....#.) ....#
#.# #.#............. #...# #.#
#.#..####..###.# #...# #.#
#.#..#.......... #...#
######'#####.#..#..........


You could see a hobgoblin.

Vanquished Creatures
  3 endoplasms (D:1)
  A giant cockroach (D:1)
  A hobgoblin (D:1)
  2 quokkas (D:1)
  A ball python (D:1)
  4 bats (D:1)
  2 frilled lizards (D:1)
  3 goblins (D:1)
  A kobold (D:1)
  2 rats (D:1)
20 creatures vanquished.

Vanquished Creatures (others)
  A quokka (D:1)
1 creature vanquished.

Grand Total: 21 creatures vanquished

Notes
Turn   | Place    | Note
-------+----------+-------------------------------------------
     0 | D:1      | Xavori the Djinni Chaos Knight began the quest for the Orb.
     0 | D:1      | Reached XP level 1. HP: 20/20 MP: 0/0
    13 | D:1      | XOM: silly message
   162 | D:1      | XOM: noise
   182 | D:1      | Reached XP level 2. HP: 25/25 MP: 0/0
   315 | D:1      | XOM: 3-stop teleportation journey
   533 | D:1      | XOM: cloud trail
   806 | D:2      | Found a shimmering altar of Xom.
  1281 | D:1      | XOM: god gift: scale mail {god gift}
  1787 | D:1      | XOM: divination: magic mapping
  2332 | D:1      | XOM is BORED!
  2332 | D:1      | XOM: summons 2 hostile demons
  2333 | D:1      | Noticed a quasit
  2726 | D:1      | XOM: 7-stop teleportation journey
  2757 | D:1      | Reached XP level 3. HP: 9/30 MP: 0/0
  2757 | D:1      | Learned a level 1 spell: Freeze
  2766 | D:1      | Slain by a hobgoblin

Illustrated notes

Levels and vault maps discovered:
D:1:      kennysheep_arrival_forest, layout_basic, minivault_25
D:2:      cheibrodos_greedy_goblins, layout_rooms, basic_altar,
          minmay_pentomino_pile, uniq_natasha

Skill      XL: |  1  2 |
---------------+-------+-----
Long Blades    | 3 |  3.0
Fighting       | |  3.2
Armour         | |  1.1
Dodging        | |  2.3
Spellcasting   | |  0.2
Conjurations   | |  0.2
Hexes          | |  0.2
Summonings     | |  0.2
Necromancy     | |  0.2
Translocations | |  0.2
Fire Magic     | |  0.2
Ice Magic      | |  0.2
Air Magic      | |  0.2
Earth Magic    | |  0.2
Alchemy        | |  0.2

Action                     || total
---------------------------++-------
  Melee: Falchion          ||    68
         Punch             ||     1
   Stab: Sleeping          ||     1
 Armour: Leather armour    ||    50
  Dodge: Dodged            ||    59
